 Dungeon Crawl Stone Soup version 0.24.0-13-gcf9b319 (webtiles) character file.

Game seed: 15736548157625569638, levelgen mode: deterministic

323978 Fang the Warrior (level 21, -27/141 HPs)
             Began as a Gargoyle Berserker on Nov 13, 2019.
             Was the Champion of Trog.
             Killed from afar by a tengu reaver (40 damage)
             ... with a bolt of magma
             ... on level 5 of the Vaults.
             The game lasted 00:51:59 (38036 turns).

Fang the Warrior (Gargoyle Berserker)              Turns: 38036, Time: 00:51:59

Health: -27/141    AC: 48    Str: 28    XL:     21   Next: 58%
Magic:  21/21      EV: 16    Int:  5    God:    Trog [******]
Gold:   3885       SH:  0    Dex:  9    Spells: 20/20 levels left

rFire    . . .     SeeInvis .   P - +5 broad axe (flame)
rCold    + . .     Gourm    .   I - +10 large shield of Ignorance {rN+ Int-4}
rNeg     + + .     Faith    .   b - +4 plate armour {rC+}
rPois    ∞         Spirit   .   D - +2 helmet of Zuvvec Cifo {+Fly Regen+ Int-5}
rElec    +         Reflect  .   K - scarf {repulsion}
rCorr    .         Harm     .   O - +2 pair of gloves
MR       +++..                  X - +1 pair of boots
Stlth    ..........             (no amulet)
HPRegen  1.73/turn              F - +3 ring of evasion
MPRegen  0.17/turn              n - +3 ring of intelligence

@: confused, marked, flying, regenerating, repel missiles
A: big wings, negative energy resistance 1, electricity resistance, unbreathing,
petrification resistance, rot immunity, AC +16
}: 2/15 runes: decaying, serpentine
a: Stop Flying, Berserk, Trog's Hand, Brothers in Arms, Renounce Religion


You were on level 5 of the Vaults.
You worshipped Trog.
Trog was exalted by your worship.
You were not hungry.

You visited 8 branches of the dungeon, and saw 38 of its levels.
You also visited: Gauntlet.

You collected 3945 gold pieces.
You spent 60 gold pieces at shops.

Inventory:

Hand Weapons
 a - a +1 war axe
 f - a +6 broad axe of draining
 i - a +10 executioner's axe of chopping
 m - the +7 battleaxe of Purpose {speed, -Tele rElec rPois rN++}
   (You acquired it on level 3 of the Snake Pit)

   Attacks with this weapon are significantly faster.
   It insulates you from electricity.
   It protects you from poison.
   It greatly protects you from negative energy.
   It prevents most forms of teleportation.
 P - a +5 broad axe of flaming (weapon)
 Y - a +2 broad axe of venom
Armour
 b - a +4 plate armour of cold resistance (worn)
 D - the +2 helmet of Zuvvec Cifo (worn) {+Fly Regen+ Int-5}
   (You found it on level 2 of the Lair of Beasts)

   It affects your intelligence (-5).
   It lets you fly.
   It increases your rate of regeneration.
 H - a +2 hat of magic resistance
 I - the +10 large shield of Ignorance (worn) {rN+ Int-4}
   (You found it in a Gauntlet)

   It affects your intelligence (-4).
   It protects you from negative energy.
 K - a scarf of repulsion (worn)
 O - a +2 pair of gloves (worn)
 X - a +1 pair of boots (worn)
Jewellery
 n - a +3 ring of intelligence (right hand)
 t - an uncursed ring of protection from fire
 F - a +3 ring of evasion (left hand)
 N - an uncursed ring of resist corrosion
 U - an uncursed ring of magical power {unknown}
Wands
 u - a wand of clouds (13)
 w - a wand of digging (16)
 C - a wand of iceblast (53)
 J - a wand of paralysis (16)
 M - a wand of scattershot (4)
 Q - a wand of flame (25)
 R - a wand of acid (20)
 S - a wand of polymorph (14)
 T - a wand of disintegration (12)
 V - a wand of random effects (17)
Scrolls
 d - 23 scrolls of identify
 e - 16 scrolls of teleportation
 h - 3 scrolls of magic mapping
 j - 12 scrolls of remove curse
 s - 6 scrolls of blinking
 v - 2 scrolls of enchant weapon
 y - 2 scrolls of summoning
 G - 4 scrolls of fear
 L - 2 scrolls of fog
Potions
 g - 3 potions of magic
 k - 2 potions of agility
 l - 5 potions of cancellation
 p - 16 potions of curing
 q - 2 potions of berserk rage
 r - 6 potions of haste
 x - 5 potions of might
 z - 3 potions of resistance
 A - a potion of invisibility
 B - 4 potions of ambrosia
 E - 3 potions of heal wounds
 W - 2 potions of mutation
Comestibles
 c - 59 rations
 o - 4 chunks of flesh


   Skills:
 + Level 18.3 Fighting
 + Level 15.8 Axes
 + Level 18.2 Armour
 + Level 14.5 Dodging
 + Level 18.0 Shields


You had 20 spell levels left.
You didn't know any spells.
Your spell library was empty.

Dungeon Overview and Level Annotations

Branches:
Dungeon (15/15)            Temple (1/1) D:7            Lair (6/6) D:10
  Swamp (4/4) Lair:2        Snake (4/4) Lair:2        Slime (0/5) Lair:5
    Orc (2/2) D:12            Elf (0/3) Orc:2        Vaults (5/5) D:13
  Crypt (0/3) Vaults:3     Depths (1/5) D:15        Gauntlet (visited)

Altars:
Ashenzari
Dithmenos
Elyvilon
Hepliaklqana
Makhleb
Nemelex Xobeh
Okawaru
Qazlal
Ru
Trog
Uskayaw
Wu Jian
The Shining One
Beogh

Shops:
Orc:2 %(?!   Snake:2 :

Annotations:
Lair:2 3 runed translucent doors, selky's ghost, journeyman GrEE
Swamp:1 Roxanne
Orc:1 2 transporters, FishTaco's ghost, journeyman MiMo


Innate Abilities, Weirdness & Mutations

You are resistant to torment.
Your stone body is resilient. (AC +16)
You are immune to poison.
Your large and strong wings let you fly indefinitely.
You resist negative energy. (rN+)
You are resistant to electric shocks. (rElec)
You can survive without breathing.
You are immune to petrification.
You are immune to rotting.


Message History

* * * LOW HITPOINT WARNING * * *
The vault guard misses you.
An orc knight comes into view. It is wielding a +0 long sword.
The shadow dragon breathes negative energy at you.
The bolt of negative energy misses you.
The vault sentinel hits you but does no damage.
The deep elf archer blinks!
The titan hits you but does no damage.
The sphinx mumbles some strange words.
Something smites you!
* * * LOW HITPOINT WARNING * * *
Things that are here:
a +0 long sword; a +0 chain mail You miss the tengu reaver.
The tengu reaver is almost dead.
You miss the vault guard. You slice the frost giant!! You burn the frost giant!
You slash the vault guard! You burn the vault guard. You barely miss the titan.
You closely miss the ettin. The tengu reaver casts a spell at you.
The bolt of magma hits you!!!
You die...

#.. .{..#
##..#....# #.
#...#C...#.D.
...#...(#.#.
.C..*......
######p.§..D.(##
..)....Cp..D....
.......@Qp<.....
......pCC..<....
......pp)e<.....
######H..pC...##
#.......D.#
.o#.#....#..#
#.#.##.p..# c.
.D#.. #....# .
.#.#. #....#


You could see 3 shadow dragons, 2 titans, a storm dragon, a frost giant, a fire
giant, a sphinx, a vault warden, a tengu reaver, a death knight, 5 vault guards,
an orc knight, 2 ettins, a vault sentinel, a deep elf archer, a yaktaur and a
battlesphere.

Vanquished Creatures
  Vashnia (Snake:2)
  A golden dragon (Vaults:4)
  Jory (Vaults:4)
  A titan (Vaults:4)
  An ancient champion (Vaults:3)
  Frances (D:13)
  3 thorn hunters (Swamp:4)
  14 nagarajas
  3 frost giants
  2 fire giants
  Aizul (Snake:2)
  15 vault wardens
  2 deep elf elementalists
  8 very ugly things
  3 stone giants
  2 entropy weavers
  8 ironheart preservers
  A minotaur (Gauntlet)
  Azrael (D:15)
  2 ettins (Vaults:4)
  A great orb of eyes (shapeshifter) (Vaults:4)
  Josephine (D:10)
  A jiangshi (Vaults:3)
  2 fire dragons
  8 yaktaur captains
  2 great orbs of eyes
  21 vault guards
  24 naga warriors
  Fannar (D:12)
  Erolcha (D:10)
  5 ice dragons
  9 centaur warriors
  11 hydras
  A catoblepas (Gauntlet)
  2 shambling mangroves
  2 ghost crabs
  4 anacondas
  20 two-headed ogres
  A queen ant (Gauntlet)
  2 tengu warriors (D:13)
  A death knight (D:14)
  19 alligators
  2 deep troll shamans (Vaults:1)
  19 naga sharpshooters
  8 ogre magi
  3 orc high priests (Orc:2)
  5 shock serpents
  Sonja (D:12)
  2 salamander mystics
  A shadow wraith (Vaults:2)
  6 spriggans
  9 deep elf knights
  A sea snake (Snake:2)
  5 swamp dragons
  7 deep trolls
  7 unseen horrors
  3 wizards
  2 flayed ghosts
  7 naga ritualists
  4 deep elf archers
  4 spriggan druids
  A necromancer (Vaults:3)
  6 harpies
  12 ironbrand convokers
  15 orc knights
  29 ugly things
  5 wolf spiders
  8 mana vipers
  2 manticores
  An oklob plant (D:8)
  5 cyclopes
  13 deep elf magi
  12 salamanders
  5 orc sorcerers
  Maurice (D:8)
  7 vault sentinels
  23 black mambas
  7 naga magi
  7 guardian serpents (Snake:4)
  Joseph (D:8)
  Psyche (D:8)
  25 spiny frogs
  2 gargoyles
  An efreet (D:15)
  A hellion (Gauntlet)
  5 centaur skeletons
  2 rime drakes (Lair:6)
  51 yaktaurs
  14 freezing wraiths
  5 komodo dragons
  A queen bee (shapeshifter) (Vaults:1)
  A red devil (Gauntlet)
  10 polar bears
  11 trolls
  A jumping spider (Vaults:3)
  8 tyrant leeches
  12 hornets
  A slime creature (shapeshifter) (Vaults:1)
  7 blink frogs
  6 bog bodies
  9 hippogriffs
  4 raiju (Lair:6)
  24 slime creatures
  5 dream sheep (Lair:6)
  4 shadows
  2 redbacks
  3 wyverns
  A tarantella (Vaults:3)
  2 vampires
  18 yaks
  4 wraiths
  5 basilisks
  A hog (D:12)
  3 hungry ghosts
  15 vampire mosquitoes
  2 yaktaur simulacra
  2 steam dragons (Lair:6)
  3 fire elementals (D:15)
  4 swamp worm simulacra (Swamp:4)
  8 wargs
  20 insubstantial wisps
  63 nagas
  2 acid dragons (Vaults:1)
  15 water moccasins
  3 soldier ants (Gauntlet)
  10 swamp worms
  16 hydra simulacra (Swamp:4)
  13 hell hounds
  12 porcupines
  33 orc warriors
  15 black bears
  13 swamp drakes
  A black bear (shapeshifter) (Vaults:2)
  5 ice beasts
  A phantom (D:10)
  31 ogres
  A boggart (Vaults:2)
  23 wolves
  6 centaurs
  17 crocodiles
  3 big kobolds
  15 bullfrogs
  A wyvern zombie (D:10)
  A wyvern skeleton (D:9)
  3 scorpions
  5 killer bees (D:13)
  3 wights (D:14)
  5 crimson imps
  2 howler monkeys
  A bullfrog zombie (D:6)
  2 centaur zombies
  7 hounds
  A quasit (D:10)
  13 orc priests
  5 bullfrog skeletons
  4 jellies
  20 orc wizards
  5 iguanas
  9 worker ants
  A hound skeleton (D:8)
  16 adders
  4 shadow imps
  4 swamp drake simulacra (Swamp:4)
  An ooze (D:3)
  3 adder zombies
  2 adder skeletons
  3 worms
  A dart slug (D:1)
  3 leopard geckos
  70 orcs
  5 bats
  6 giant cockroaches
  8 goblins
  10 hobgoblins
  10 jackals
  15 kobolds
  5 quokkas
  5 ball pythons
  9 frilled lizards
  A leopard gecko skeleton (D:7)
  A leopard gecko zombie (D:5)
  A quokka zombie (D:6)
  A fungus (D:10)
  6 plants
1346 creatures vanquished.

Vanquished Creatures (collateral kills)
  Kirke (D:12)
  2 hydras
  A two-headed ogre (D:10)
  A phantasmal warrior (D:13)
  A black mamba (Lair:4)
  2 wraiths (D:10)
  A basilisk (Lair:6)
  A water moccasin (Lair:6)
  An orc warrior (Orc:2)
  An orc priest (Orc:2)
12 creatures vanquished.

Vanquished Creatures (others)
  A swamp dragon (Swamp:3)
  A wizard (D:3)
  A naga mage (Snake:4)
  2 water elementals (D:14)
  A human (D:12)
  A swamp worm (Swamp:4)
  A black bear (Lair:6)
  An electric eel (D:14)
  A crimson imp (D:14)
  An iguana (Lair:6)
  An orc (D:4)
  A frilled lizard (D:4)
  8 briar patches (Swamp:4)
  5 fungi (Lair:6)
  13 plants
  18 withered plants (Gauntlet)
57 creatures vanquished.

Grand Total: 1415 creatures vanquished

Notes
Turn   | Place    | Note
-------+----------+-------------------------------------------
     0 | D:1      | Fang the Gargoyle Berserker began the quest for the Orb.
     0 | D:1      | Reached XP level 1. HP: 14/14 MP: 1/1
   199 | D:1      | Reached XP level 2. HP: 17/19 MP: 2/2
   578 | D:1      | Reached XP level 3. HP: 16/23 MP: 3/3
   583 | D:1      | Reached ** piety under Trog
  1076 | D:2      | Reached XP level 4. HP: 17/29 MP: 4/4
  1453 | D:2      | Found a sparkling altar of Nemelex Xobeh.
  1453 | D:2      | Found a hide-covered altar of Uskayaw.
  1837 | D:3      | Reached skill level 1 in Shields
  1837 | D:3      | Reached XP level 5. HP: 28/33 MP: 5/5
  2163 | D:3      | Reached XP level 6. HP: 39/39 MP: 6/6
  2314 | D:3      | Reached *** piety under Trog
  2329 | D:3      | Found a bloodstained altar of Trog.
  2332 | D:3      | Noticed a wizard
  2337 | D:3      | Killed a wizard
  2426 | D:3      | Found an iron altar of Okawaru.
  2429 | D:3      | Found a white marble altar of Elyvilon.
  2434 | D:3      | Found a burning altar of Makhleb.
  2463 | D:3      | Found a hazy altar of Hepliaklqana.
  2912 | D:4      | Reached XP level 7. HP: 32/44 MP: 7/7
  3007 | D:4      | Reached skill level 5 in Fighting
  3521 | D:5      | Entered Level 5 of the Dungeon
  3641 | D:5      | Reached **** piety under Trog
  3641 | D:5      | Reached XP level 8. HP: 30/50 MP: 8/8
  3778 | D:5      | Reached skill level 5 in Armour
  3944 | D:5      | Found a stormy altar of Qazlal.
  4401 | D:5      | Reached skill level 5 in Axes
  5010 | D:6      | Found a glowing golden altar of the Shining One.
  5011 | D:6      | Found a sacrificial altar of Ru.
  5031 | D:6      | Reached XP level 9. HP: 41/56 MP: 9/9
  5239 | D:6      | Reached skill level 5 in Shields
  5865 | D:7      | Found a staircase to the Ecumenical Temple.
  5998 | Temple   | Entered the Ecumenical Temple
  6204 | D:8      | Noticed Joseph
  6210 | D:8      | Reached ***** piety under Trog
  6220 | D:8      | Killed Joseph
  6220 | D:8      | Reached skill level 5 in Dodging
  6593 | D:8      | Noticed Psyche
  6604 | D:8      | Killed Psyche
  6604 | D:8      | Reached XP level 10. HP: 44/64 MP: 10/10
  6626 | D:8      | Noticed Maurice
  6641 | D:8      | HP: 2/64 [disintegration (26)]
  6766 | D:8      | Killed Maurice
  6898 | D:8      | Noticed an oklob plant
  6899 | D:8      | Found a hazy altar of Hepliaklqana.
  6910 | D:8      | Killed an oklob plant
  7357 | D:8      | Found an ornate altar of the Wu Jian Council.
  7582 | D:9      | Noticed a two-headed ogre
  7591 | D:9      | Killed a two-headed ogre
  8039 | D:9      | Received a gift from Trog
  8071 | D:9      | Found a shadowy altar of Dithmenos.
  8457 | D:10     | Entered Level 10 of the Dungeon
  8517 | D:10     | Reached XP level 11. HP: 63/69 MP: 11/11
  8556 | D:10     | Noticed Josephine
  8566 | D:10     | Killed Josephine
  8566 | D:10     | Noticed a two-headed ogre
  8581 | D:10     | Killed a two-headed ogre
  8743 | D:10     | Killed an unseen horror
  8914 | D:10     | Found a staircase to the Lair.
  9341 | D:10     | Noticed Erolcha
  9350 | D:10     | Killed Erolcha
  9577 | D:11     | Noticed a red ugly thing
  9588 | D:11     | Killed a red ugly thing
  9710 | D:11     | Noticed a purple ugly thing
  9724 | D:11     | Killed a purple ugly thing
  9724 | D:11     | Reached skill level 10 in Fighting
  9724 | D:11     | Reached XP level 12. HP: 64/77 MP: 12/12
  9990 | D:11     | You fall into a shaft and drop 3 floors!
  9991 | D:14     | Noticed a death knight
 10265 | D:13     | Noticed a tengu warrior
 10266 | D:13     | Noticed a tengu warrior
 10275 | D:13     | Killed a tengu warrior
 10279 | D:13     | Killed a tengu warrior
 10279 | D:13     | Reached skill level 10 in Armour
 10430 | D:12     | Noticed a two-headed ogre
 10437 | D:12     | Killed a two-headed ogre
 10614 | D:12     | Noticed Sonja
 10616 | D:12     | Found a staircase to the Orcish Mines.
 10631 | D:12     | Killed Sonja
 10711 | D:12     | Noticed Fannar
 10729 | D:12     | Killed Fannar
 10991 | D:12     | Reached skill level 10 in Shields
 11007 | D:12     | Noticed Kirke
 11033 | D:12     | Killed Kirke
 11570 | Lair:1   | Entered Level 1 of the Lair of Beasts
 11708 | Lair:1   | You fall into a shaft and drop 1 floor!
 11774 | Lair:2   | Found a staircase to the Snake Pit.
 11827 | Lair:2   | Found a staircase to the Swamp.
 11997 | Lair:2   | Found a runed translucent gate.
 11997 | Lair:2   | Found a runed translucent gate.
 11997 | Lair:2   | Found a runed translucent gate.
 12018 | Lair:2   | Got a faintly glowing helmet
 12024 | Lair:2   | Identified the +2 helmet of Zuvvec Cifo {+Fly Regen+ Int-5}
                  | (You found it on level 2 of the Lair of Beasts)
 12051 | Lair:2   | Noticed selky's ghost (journeyman GrEE)
 12242 | Lair:2   | Identified Ticud's Incunabulum of Unstable Companions
 12254 | Lair:2   | Reached XP level 13. HP: 84/84 MP: 13/13
 13480 | Lair:3   | Received a gift from Trog
 14323 | Lair:4   | Found a gate leading to a gauntlet.
 14384 | Gauntlet | Entered a Gauntlet
 14384 | Gauntlet | Found a transporter.
 14384 | Gauntlet | Found a transporter.
 14384 | Gauntlet | Found a transporter.
 14408 | Gauntlet | Found a transporter.
 14421 | Gauntlet | Found the +10 large shield of Ignorance {rN+ Int-4}
 14422 | Gauntlet | Found a transporter.
 14423 | Gauntlet | Found a transporter.
 14438 | Gauntlet | Found a transporter.
 14456 | Gauntlet | Found a transporter.
 14474 | Gauntlet | Found a transporter.
 14478 | Gauntlet | Found a transporter.
 14490 | Gauntlet | Found a transporter.
 14492 | Gauntlet | Found a transporter.
 14543 | Gauntlet | Reached skill level 10 in Axes
 14730 | Gauntlet | Noticed a minotaur
 14750 | Gauntlet | Killed a minotaur
 14812 | Gauntlet | Identified the Catalogue of the Doomed Rocks
 15029 | Lair:4   | HP: 4/85 [12-headed hydra (3)]
 15433 | Lair:5   | Found a staircase to the Slime Pits.
 15705 | Lair:5   | Gained mutation: Your large and strong wings let you fly
                  | indefinitely. [Gargoyle growth]
 15705 | Lair:5   | Reached XP level 14. HP: 92/92 MP: 14/14
 16005 | Lair:6   | Entered Level 6 of the Lair of Beasts
 16935 | Lair:6   | Received a gift from Trog
 17695 | D:13     | Noticed Frances
 17704 | D:13     | Killed Frances
 17727 | D:13     | Reached skill level 10 in Dodging
 17757 | D:13     | Found a gate to the Vaults.
 18646 | D:14     | Reached XP level 15. HP: 88/98 MP: 15/15
 19053 | D:14     | Found a glowing golden altar of the Shining One.
 19365 | D:15     | Entered Level 15 of the Dungeon
 19365 | D:15     | Noticed Azrael
 19384 | D:15     | Killed Azrael
 19449 | D:15     | Found a staircase to the Depths.
 19493 | D:15     | Received a gift from Trog
 19669 | D:15     | Noticed a fire giant
 19692 | D:15     | Killed a fire giant
 20202 | Depths:1 | Entered Level 1 of the Depths
 20268 | Orc:1    | Entered Level 1 of the Orcish Mines
 20599 | Orc:1    | Found a roughly hewn altar of Beogh.
 20661 | Orc:2    | Entered Level 2 of the Orcish Mines
 20661 | Orc:2    | Found a staircase to the Elven Halls.
 20915 | Orc:2    | Found Wimit's Distillery.
 20985 | Orc:2    | Paralysed by an orc sorcerer for 2 turns
 20995 | Orc:2    | Paralysed by an orc sorcerer for 6 turns
 21457 | Orc:2    | Paralysed by an orc sorcerer for 2 turns
 21468 | Orc:2    | Found Duhyaw's Magic Scroll Shoppe.
 21472 | Orc:2    | Bought a potion of heal wounds for 60 gold pieces
 21474 | Orc:2    | Found Ashrio's Antique Weapon Shoppe.
 21476 | Orc:2    | Found Hiliagol's Food Boutique.
 21717 | Orc:1    | Found a transporter.
 21721 | Orc:1    | Noticed FishTaco's ghost (journeyman MiMo)
 21734 | Orc:1    | Found a transporter.
 22152 | Snake:1  | Entered Level 1 of the Snake Pit
 22202 | Snake:1  | Found a frozen archway.
 23173 | Snake:2  | Noticed Aizul
 23205 | Snake:2  | Killed Aizul
 23275 | Snake:2  | Noticed a nagaraja
 23329 | Snake:2  | Reached XP level 16. HP: 96/105 MP: 16/16
 23395 | Snake:2  | Received a gift from Trog
 23806 | Snake:2  | Noticed Vashnia
 23842 | Snake:2  | Killed Vashnia
 24092 | Snake:2  | Killed a nagaraja
 24161 | Snake:2  | Found Caatzakihu's Antique Weapon Boutique.
 24168 | Snake:2  | Found Viwo's Book Boutique.
 24706 | Snake:3  | Noticed a nagaraja
 24720 | Snake:3  | Killed a nagaraja
 24818 | Snake:3  | Found a shattered altar of Ashenzari.
 25062 | Snake:3  | Noticed a nagaraja
 25522 | Snake:3  | Killed a nagaraja
 25736 | Snake:3  | Identified a scroll of acquirement
 25737 | Snake:3  | Got a polished battleaxe
 25738 | Snake:3  | Identified the +7 battleaxe of Purpose {speed, -Tele rElec
                  | rPois rN++} (You acquired it on level 3 of the Snake Pit)
 25759 | Snake:4  | Entered Level 4 of the Snake Pit
 25826 | Snake:4  | Noticed a nagaraja
 25844 | Snake:4  | Killed a nagaraja
 26033 | Snake:4  | Received a gift from Trog
 26175 | Snake:4  | Noticed a nagaraja
 26194 | Snake:4  | Killed a nagaraja
 26219 | Snake:4  | Noticed a nagaraja
 26239 | Snake:4  | Killed a nagaraja
 26239 | Snake:4  | Reached XP level 17. HP: 81/112 MP: 17/17
 26898 | Snake:4  | Reached skill level 15 in Fighting
 27035 | Snake:4  | Received a gift from Trog
 27348 | Snake:4  | Reached skill level 15 in Armour
 27727 | Snake:4  | Reached skill level 15 in Shields
 28075 | Snake:4  | Got a serpentine rune of Zot
 28227 | Swamp:1  | Entered Level 1 of the Swamp
 28292 | Swamp:1  | Reached ****** piety under Trog
 28292 | Swamp:1  | Received a gift from Trog
 28573 | Swamp:1  | Reached XP level 18. HP: 120/120 MP: 18/18
 28739 | Swamp:1  | Identified Roxanne's Collected Works on Stones
 28739 | Swamp:1  | Noticed Roxanne
 30499 | Swamp:4  | Entered Level 4 of the Swamp
 30546 | Swamp:4  | Received a gift from Trog
 31294 | Swamp:4  | Got a decaying rune of Zot
 31547 | Vaults:1 | Entered Level 1 of the Vaults
 31652 | Vaults:1 | Reached XP level 19. HP: 120/126 MP: 19/19
 31741 | Vaults:1 | Received a gift from Trog
 32719 | Vaults:1 | Received a gift from Trog
 33214 | Vaults:2 | Paralysed by a great orb of eyes for 5 turns
 34328 | Vaults:3 | Received a gift from Trog
 34342 | Vaults:3 | Reached XP level 20. HP: 134/134 MP: 20/20
 34453 | Vaults:3 | Found a staircase to the Crypt.
 35193 | Vaults:3 | Got a wavering bronze ring
 35195 | Vaults:3 | Identified the ring "Xukkijeuce" {Ice Int+3} (You found it
                  | on level 3 of the Vaults)
 35341 | Vaults:3 | Reached skill level 15 in Axes
 35449 | Vaults:3 | Received a gift from Trog
 36531 | Vaults:4 | Received a gift from Trog
 36709 | Vaults:4 | Reached XP level 21. HP: 140/140 MP: 21/21
 36716 | Vaults:4 | Noticed Jory
 36743 | Vaults:4 | Killed Jory
 37573 | Vaults:5 | Entered Level 5 of the Vaults
 37578 | Vaults:5 | Noticed a golden dragon
 37753 | Vaults:4 | Received a gift from Trog
 37848 | Vaults:4 | Killed a golden dragon
 38033 | Vaults:5 | Noticed a golden dragon
 38036 | Vaults:5 | Killed from afar by a tengu reaver

Levels and vault maps discovered:
D:1:      dpeg_arrival_arbitrary_c, layout_loops_ring, st_stairs_4,
          minmay_lizard_king
D:2:      layout_rooms, chequers_temple_overflow_statue_of_worship,
          minmay_pentomino_o4
D:3:      layout_basic, grunt_temple_overflow_cloverleaf, first_ration,
          serial_bayou_pond_a, trog_wizard
D:4:      layout_rooms, lemuel_old_faithful
D:5:      layout_basic, kennysheep_mini_moat, ebering_dispersal_statue_hall,
          hex_intersection
D:6:      layout_loops_ring, gammafunk_temple_overflow_statue, lightli_minifort
D:7:      layout_rooms, minmay_temple_entry_purple_smoke
D:8:      layout_loops_ring, overflow_temple_1_default, grunt_ogre_cave,
          hangedman_decor_clover_reticule, lemuel_oklob_altar, uniq_joseph,
          uniq_psyche, uniq_maurice
D:9:      layout_long_grid, nicolae_dithmenos_the_darkroom
D:10:     layout_loops_ring, minmay_lair_entry_grove, minmay_increasing_density,
          uniq_erolcha, uniq_josephine
D:11:     layout_basic
D:12:     layout_basic, orc_0_dummy, nicolae_ru_path_of_blood, uniq_kirke,
          uniq_sonja, uniq_fannar
D:13:     layout_layer_cave, david_vaults_1, chequers_serial_rivers_small_3,
          chequers_serial_rivers_marsh, uniq_frances
D:14:     layout_basic, serial_bayou, serial_bayou_pond_b, serial_bayou_pond_d,
          serial_bayou_pond_b, serial_bayou_pond_d, grunt_decor_one_mirror,
          basic_altar, lemuel_freeze_loot_1
D:15:     grunt_enter_depths_giant_problem, layout_basic, serial_park_tiny_1,
          uniq_azrael
Temple:   minmay_temple_curvy_loop
Lair:1:   layout_loops_ring, hangedman_lair_generics_rect, serial_bayou_shore_a,
          grunt_megastairs_5
Lair:2:   layout_hall_layers, skrybe_swamp_entry_bodies,
          guppyfry_snake_entry_island, ebering_ghost_rock_garden
Lair:3:   layout_cave_pods, serial_bayou_ford_a, grunt_megastairs_4
Lair:4:   layout_cave_shapes, gauntlet_entry_generic,
          infiniplex_staircase_pool_2
Lair:5:   layout_regular_city, minmay_slime_entry_pillars
Lair:6:   hangedman_lair_caniforms_friends, layout_loops_ring,
          guppyfry_lair_end_dragon
Swamp:1:  layout_basic_swamp, nicolae_swamp_very_dense_foliage, swamp_pool3,
          uniq_roxanne
Swamp:2:  layout_basic_swamp, nicolae_swamp_triple_paths
Swamp:3:  layout_falls_marsh, hangedman_swamp_pad, swamp_pool5,
          statue_in_the_mist_lemuel
Swamp:4:  swamp_icy, layout_basic_swamp
Snake:1:  layout_basic, portal_ice_cave_entry_pillars_four, lemuel_fruit_tree,
          serial_bayou_shore_b
Snake:2:  layout_chambers, minmay_snake_pond, minmay_shop_star, uniq_vashnia,
          uniq_aizul
Snake:3:  layout_layer_cave, basic_altar, grunt_megastairs_1
Snake:4:  grunt_snake_rune_spirals, layout_onion, special_room
Orc:1:    layout_caves, gammafunk_ghost_berserking_beasts, special_room
          [special_room_orc]
Orc:2:    st_orc_elflike, layout_caves
Vaults:1: nicolae_vaults_border_crossing, st_spiral_rooms,
          nicolae_vaults_network_barrier, v_misc_11, v_rooms_1,
          hangedman_vaults_corner_blocks, ontoclasm_vaults_decontamination,
          grunt_vaults_trifunnel, hangedman_vaults_stretched_pinwheel,
          layout_vaults_omnicross
Vaults:2: vaults_dpeg_diagonal, v_alt_pattern_2, grunt_vaults_hallway_long,
          ontoclasm_vaults_ring_small, v_misc_2, dpeg_vaults_monster_box,
          vaults_room_pool, vaults_dpeg_ring, hangedman_vaults_impose,
          layout_vaults_quadrants
Vaults:3: vaults_room_grid, nicolae_vaults_network_square,
          minmay_crypt_entry_simple_box, nicolae_vaults_big_angled_halls,
          vaults_room_boxed, vaults_mumra_hex, nicolae_vaults_ring_of_whatevers,
          ontoclasm_vaults_hangar, vaults_standard_mumra_lines, v_misc_18,
          grunt_vaults_hallway_short, v_alt_pattern_4, vaults_room_pool,
          v_rooms_6, grunt_vaults_hallway_short, layout_vaults_maze_snakey
Vaults:4: hangedman_vaults_corner, v_rooms_4, vaults_room_corners,
          v_alt_pattern_6, dpeg_vaults_waves, nicolae_vaults_shelves_hall,
          nicolae_vaults_circle_grid_b, layout_vaults_omnibox, uniq_jory
Vaults:5: uniq_xtahua
Depths:1: layout_cave_pools, grunt_hell_entry_demonic_statue,
          hangedman_abyss_or_decor_stabs, kennysheep_pointless_box,
          kennysheep_generic_room_15, uniq_nikola

Skill      XL: |  1  2  3  4  5  6  7  8  9 10 11 12 13 14 15 16 17 18 19 20 21 |
---------------+----------------------------------------------------------------+-----
Axes           | 3 4 5 6 7 8 9 10 11 12 13 14 15 | 15.8
Dodging        | 2 3 4 5 6 7 8 9 10 11 12 13 14 | 14.5
Armour         | 3 4 5 7 8 9 10 11 12 13 14 15 16 17 18 | 18.2
Fighting       | 4 5 6 7 8 10 11 12 13 14 15 16 17 18 | 18.3
Shields        | 1 2 3 4 6 7 9 10 11 12 13 14 15 16 17 18 | 18.0

Action                   |  1- 3 |  4- 6 |  7- 9 | 10-12 | 13-15 | 16-18 | 19-21 || total
-------------------------+-------+-------+-------+-------+-------+-------+-------++-------
Melee: Hand axe          |   134 |   216 |   158 |       |       |       |       ||   508
       War axe           |       |       |   278 |   125 |       |       |       ||   403
       Broad axe         |       |       |       |   373 |  1254 |  1677 |  1167 ||  4471
       Unarmed           |       |       |       |    24 |       |       |       ||    24
Invok: Berserk           |       |     4 |     8 |    11 |    11 |     5 |     4 ||    43
       Trog's Hand       |       |       |     1 |     4 |     7 |     2 |     1 ||    15
       Brothers in Arms  |       |       |       |     2 |     6 |       |       ||     8
 Abil: Fly               |       |       |       |       |     1 |       |       ||     1
  Use: Scroll            |       |       |     2 |    24 |     8 |     6 |       ||    40
       Potion            |       |       |       |     2 |     2 |       |     3 ||     7
 Stab: Distracted        |       |       |       |       |     2 |       |       ||     2
       Confused          |       |       |       |       |       |     5 |       ||     5
  Eat: Chunk             |     1 |     9 |    15 |    29 |    45 |    18 |    26 ||   143
       Ration            |       |       |     2 |     2 |     2 |     6 |       ||    12
Armor: Animal skin       |    53 |    10 |       |       |       |       |       ||    63
       Chain mail        |       |   128 |   251 |   295 |    71 |       |       ||   745
       Skin              |       |       |       |     5 |       |       |       ||     5
       Plate armour      |       |       |       |       |   858 |   583 |   489 ||  1930
Dodge: Dodged            |    67 |    69 |   117 |   131 |   689 |   415 |   340 ||  1828
       Deflected         |       |       |       |       |    26 |    83 |    26 ||   135
Block: Shield            |    56 |    92 |   216 |       |       |       |       ||   364
       Large shield      |       |       |    79 |   508 |  1592 |  2398 |  1665 ||  6242
